Map: Submarine LE

Players

TopFivHotKys - Winner!

  • Race: Terran Terran
  • League: Diamond
  • Spawn Location: 5:00

ZergDrachen

  • Race: Zerg Zerg
  • League: Platinum
  • Spawn Location: 11:00

VOD

Have the link to the VOD?

Description

Time

  • Played on: March 29, 2021, 5:32 p.m.
  • Length: 20:26
Show
View Real Time Build Order
Export as new Build Order

TopFivHotKys Terran - Winner!

Build Orders:  

Get SALT Encoding   

  12  0:02  SCV  
  13  0:17  SCV  
  13  0:19  Supply Depot  
  14  0:29  SCV  
  14  0:34  Supply Depot  
  15  0:50  Refinery  
  15  0:55  SCV  
  16  0:58  Barracks  
  16  1:02  Barracks  
  16  1:08  SCV  
  17  1:20  SCV  
  18  1:32  SCV  
  19  1:43  Supply Depot  
  19  1:51  Marine, Bunker  
  20  1:54  Marine, Bunker  
  21  2:01  Refinery  
  21  2:35  SCV  
  22  2:39  Factory  
  22  3:01  SCV  
  23  3:05  Marine  
  23  3:13  SCV  
  23  3:16  Marine  
  25  3:23  Marine  
  25  3:25  SCV  
  29  3:29  Factory Tech Lab  
  29  3:33  Marine  
  28  3:37  SCV  
  29  3:44  Marine  
  30  3:49  SCV  
  30  3:56  Engineering Bay  
  30  4:01  SCV  
  31  4:05  Supply Depot  
  31  4:11  Supply Depot  
  31  4:13  Supply Depot  
  31  4:44  Command Center  
  31  4:50  Starport  
  32  4:55  Planetary Fortress  
  34  5:07  Siege Tank  
  34  5:31  Starport Reactor  
  34  5:33  Starport Tech Lab  
  30  5:37  Starport  
  30  5:39  SCV  
  31  5:52  SCV  
  31  5:55  Supply Depot  
  32  5:57  Supply Depot  
  32  6:04  SCV  
  33  6:06  Banshee  
  33  6:19  Planetary Fortress  
  33  6:23  Starport Tech Lab  
  31  6:48  Banshee  
  31  6:49  Banshee  
  31  6:52  Supply Depot  
  33  7:10  Refinery x2  
  33  7:30  SCV  
  37  7:40  Raven x2  
  37  7:41  Corvid Reactor  
  37  7:43  SCV  
  37  7:44  SCV  
  40  7:55  SCV  
  40  7:56  SCV  
  42  8:07  SCV  
  42  8:08  SCV  
  44  8:19  SCV  
  45  8:20  SCV  
  46  8:31  SCV  
  46  8:32  SCV  
  48  8:36  Raven x2  
  48  8:38  Siege Tank  
  55  8:50  Command Center, SCV x2  
  55  8:51  Supply Depot  
  57  8:58  Cloaking Field  
  57  9:02  SCV x2  
  59  9:14  SCV x2  
  61  9:23  Raven  
  63  9:35  Raven  
  65  9:45  SCV x2  
  67  10:06  Raven  
  69  10:38  Raven  
  69  10:39  Siege Tank  
  69  10:40  Planetary Fortress  
  74  10:49  SCV x2  
  76  11:01  SCV x2  
  76  11:11  Siege Tank  
  76  11:13  SCV  
  80  11:24  Raven  
  82  11:30  SCV x3  
  85  11:35  Raven  
  87  11:42  SCV x3  
  90  11:54  SCV  
  90  11:55  SCV  
  90  11:57  Refinery, SCV  
  90  11:59  Refinery  
  93  12:38  Supply Depot x2  
  93  12:40  Supply Depot  
  93  12:42  Starport  
  93  12:43  Starport  
  93  12:59  Raven  
  93  13:00  SCV x3  
  93  13:01  Raven  
  93  13:04  Siege Tank  
  103  13:09  Command Center  
  103  13:11  Command Center  
  103  13:12  Command Center, SCV x3  
  106  13:18  Factory  
  106  13:19  Factory  
  106  13:24  SCV x3  
  109  13:36  SCV x3  
  112  13:42  Raven  
  112  13:48  SCV  
  115  13:54  Ghost Academy  
  115  13:56  Starport Tech Lab  
  115  13:57  Starport Tech Lab, Ghost Academy  
  115  14:06  Command Center  
  115  14:08  Command Center  
  115  14:10  Raven  
  115  14:16  Infernal Pre-Igniter  
  117  14:21  Hellion x3  
  123  14:25  Raven  
  125  14:31  Barracks Tech Lab  
  125  14:42  Hellion x3  
  131  14:50  Orbital Command  
  131  14:53  Raven  
  131  14:54  Command Center  
  124  15:03  Hellion x3  
  124  15:04  Ghost  
  124  15:06  Personal Cloaking  
  124  15:07  Nuke  
  132  15:09  Ghost Academy  
  132  15:12  Ghost Academy  
  132  15:25  Hellion x3  
  132  15:26  Orbital Command  
  132  15:27  Planetary Fortress  
  138  15:32  Ghost  
  140  15:46  Hellion x3  
  142  16:08  Hellion x3  
  148  16:12  Ghost  
  148  16:17  Nuke x2  
  142  16:29  Hellion x3  
  142  16:31  Nuke  
  148  16:36  Planetary Fortress x2  
  148  16:39  Missile Turret  
  148  16:41  Ghost  
  148  16:42  Missile Turret  
  150  17:00  Fusion Core  
  150  17:02  Orbital Command  
  150  17:09  Ghost  
  152  17:16  Hellion  
  152  17:17  Refinery, Hellion x2  
  152  17:19  Refinery  
  156  17:31  Nuke  
  156  17:38  Ghost, Hellion x3  
  162  17:59  Hellion x3  
  168  18:06  Ghost  
  170  18:13  Nuke x2  
  170  18:20  Hellion  
  172  18:35  Ghost  
  170  19:03  Ghost  
  170  19:32  Ghost  
  170  19:37  Banshee x4  
Show
View Real Time Build Order
Export as new Build Order

ZergDrachen Zerg 

Build Orders: Hatch First 

Get SALT Encoding   

  12  0:01  Drone  
  13  0:12  Overlord  
  13  0:16  Drone  
  14  0:31  Drone x2  
  16  0:53  Drone, Hatchery  
  16  0:57  Drone  
  18  1:10  Spawning Pool  
  17  1:12  Extractor, Drone x2  
  18  1:30  Hatchery  
  17  1:37  Drone x2  
  17  1:39  Drone  
  20  2:03  Spine Crawler x2  
  18  2:09  Roach Warren  
  18  2:10  Zergling x2  
  18  2:14  Zergling x2  
  19  2:26  Zergling x2  
  19  2:27  Zergling x2  
  19  2:29  Metabolic Boost  
  21  2:57  Overlord  
  21  3:02  Overlord x2  
  21  3:21  Roach x3  
  21  3:23  Queen  
  30  3:41  Drone  
  30  3:42  Drone x2  
  32  3:55  Ravager x2  
  34  4:05  Drone  
  34  4:06  Drone  
  36  4:12  Queen  
  36  4:14  Roach  
  36  4:15  Roach x2  
  44  4:42  Overlord x3  
  44  4:46  Lair  
  41  5:39  Ravager x2  
  41  5:42  Zergling x2  
  44  5:43  Zergling x16  
  52  6:04  Extractor, Hatchery  
  52  6:08  Extractor  
  31  7:07  Queen  
  33  7:10  Spore Crawler  
  33  7:12  Spore Crawler  
  33  7:14  Hydralisk Den  
  30  7:17  Drone x9  
  30  7:20  Extractor  
  33  7:26  Spore Crawler  
  29  7:30  Spore Crawler  
  28  7:38  Drone x2  
  28  7:39  Drone x3  
  33  7:46  Queen x2  
  33  7:47  Queen  
  39  7:56  Grooved Spines, Hydralisk  
  40  8:00  Hydralisk  
  42  8:14  Overseer  
  42  8:17  Hydralisk  
  44  8:21  Queen  
  40  8:41  Hydralisk  
  40  8:42  Hydralisk  
  44  8:49  Extractor, Drone x6  
  44  8:50  Drone x7  
  44  8:51  Extractor  
  55  9:07  Muscular Augments  
  55  9:11  Drone  
  55  9:12  Drone x6  
  62  9:30  Drone x3  
  65  9:32  Hydralisk  
  65  9:33  Hydralisk  
  65  9:37  Hydralisk  
  71  9:43  Overlord  
  71  9:47  Pneumatized Carapace  
  71  9:54  Evolution Chamber  
  71  9:57  Evolution Chamber, Drone  
  71  9:59  Drone  
  65  10:16  Overlord  
  65  10:22  Hatchery  
  65  10:25  Extractor  
  65  10:28  Extractor  
  62  10:31  Overlord  
  62  10:40  Lurker Den  
  61  10:47  Drone x2  
  61  10:48  Infestation Pit  
  62  10:50  Zerg Missile Weapons Level 1  
  62  10:53  Drone  
  62  10:55  Drone  
  64  10:59  Hydralisk  
  66  11:13  Zergling x10  
  61  11:29  Overseer  
  61  11:30  Overseer  
  61  11:38  Hydralisk  
  61  11:39  Hydralisk x2  
  67  12:06  Hydralisk  
  67  12:07  Hydralisk x4  
  75  12:34  Hydralisk x2  
  79  12:38  Drone  
  79  12:39  Drone x3  
  79  12:41  Overlord x2  
  78  12:53  Overlord x2  
  78  13:17  Hydralisk x4  
  76  13:51  Swarm Host  
  76  13:52  Swarm Host  
  82  14:06  Hatchery  
  81  14:17  Zerg Ground Armor Level 1  
  81  14:19  Lair  
  81  14:24  Drone  
  82  14:25  Overlord  
  82  14:26  Overlord x3  
  78  15:10  Drone  
  78  15:11  Drone x18  
  78  15:12  Drone  
  98  15:31  Nydus Network  
  98  15:32  Nydus Network  
  85  16:32  Swarm Host x6  
  88  16:36  Extractor  
  102  16:42  Extractor  
  102  16:43  Hatchery  
  100  16:48  Overlord x5  
  100  17:08  Swarm Host x4  
  100  17:09  Swarm Host x9  
  139  17:23  Nydus Canal  
  139  17:26  Queen  
  113  19:17  Spore Crawler  
  107  19:48  Overlord x7  
  107  19:58  Overseer x3  
Tags
 
Add a new tag
Caveats
  • Supply blocks, unpowered buildings, or Contaminate may cause inaccurate times.
  • Supply counts are checked every 10 seconds.